 Dungeon Crawl Stone Soup version 0.19-a0-1201-gda63bca (webtiles) character file.

377 Leszczynek the Cudgeler (level 6, -2/62 HPs)
             Began as an Ogre Earth Elementalist on Aug 20, 2016.
             Slain by an orc priest
             ... wielding a +0 mace
              (8 damage)
             ... on level 5 of the Dungeon.
             The game lasted 00:15:05 (2878 turns).

Leszczynek the Cudgeler (Ogre Earth Elementalist)   Turns: 2878, Time: 00:15:05

Health: -2/62      AC:  3    Str: 16    XL:     6   Next: 73%
Magic:  9/9        EV: 10    Int: 16    God:
Gold:   218        SH:  0    Dex:  8    Spells: 2 memorised, 6 levels left

rFire  . . .     SeeInvis .     a - +0 flail (crush)
rCold  . . .     Gourm    .     c - +0 robe
rNeg   . . .     Faith    .     (no shield)
rPois  .         Spirit   .     (helmet restricted)
rElec  .         Dismiss  .     (no cloak)
rCorr  .         Reflect  .     (gloves unavailable)
MR     .....     Harm     .     (boots unavailable)
Stlth  +......... Clarity  +    (no amulet)
                                (no ring)
                                (no ring)

@: very slightly contaminated
A: unfitting armour, clarity, clever 1, clumsy 1, tough skin 1
a: no special abilities


You were on level 5 of the Dungeon.
You were not hungry.

You visited 1 branch of the dungeon, and saw 5 of its levels.

You collected 218 gold pieces.

Inventory:

Hand Weapons
 a - a +0 flail of crushing (weapon)
 l - a +0 hunting sling
Missiles
 b - 23 stones (quivered)
 m - 3 curare-tipped needles
 p - 9 sling bullets
Armour
 c - a +0 robe (worn)
 f - a fire dragon hide
Jewellery
 u - an uncursed ring of ice
Scrolls
 h - 6 scrolls of remove curse
 j - 2 scrolls of fog
Potions
 n - a potion of heal wounds
 o - a potion of might
 r - a potion of ambrosia
Books
 e - a book of Geomancy

   Spells                             Type                      Level
   a - Sandblast                      Earth                        1
   b - Passwall                       Transmutation/Earth          2
   c - Stone Arrow                    Conjuration/Earth            3
   d - Petrify                        Transmutation/Earth          4
   e - Lee's Rapid Deconstruction     Earth                        5
Comestibles
 d - 3 bread rations
 g - 4 chunks of flesh
 k - 7 fruits
 s - a meat ration


   Skills:
 - Level 4.1 Fighting
 + Level 7.4 Maces & Flails
 - Level 1.7 Dodging
 - Level 1.5 Stealth
 - Level 2.4 Spellcasting
 - Level 0.6 Transmutations
 - Level 2.1 Earth Magic


You had 6 spell levels left.
You knew the following spells:

 Your Spells              Type           Power        Failure   Level  Hunger
a - Sandblast             Erth           #.....       10%         1    #......
b - Passwall              Tmut/Erth      #.........   17%         2    ###....


Dungeon Overview and Level Annotations

Branches:
Dungeon (5/15)
 Temple: D:4-7

Altars:

Shops:
D:4 =

Annotations:
D:2 Jessica
D:4 Sigmund; epen's ghost, amateur MfMo


Innate Abilities, Weirdness & Mutations

You are too large for most types of armour.
You have tough skin. (AC +1)
You possess an exceptional clarity of mind.
Your mind is acute. (Int +2)
You are clumsy. (Dex -2)


Message History

The orc priest is almost dead.
The orc priest hits you but does no damage.
The orc priest closely misses you.
You hit the orc priest.
You kill the orc priest!
The orc priest hits you with a mace.
You barely miss the orc priest. You barely miss the orc priest.
The orc priest hits you with a mace.
You hit the orc priest.
The orc priest is moderately wounded.
The orc priest hits you with a mace!
* * * LOW HITPOINT WARNING * * *
You barely miss the orc priest.
The orc priest is moderately wounded.
The orc priest hits you with a mace!
* * * LOW HITPOINT WARNING * * *
You hit the orc priest but do no damage.
The orc priest is moderately wounded.
The orc priest hits you with a mace!
You die...

##.##............#§#**
#..........##....#§#
#..........#####.#o#
#..........# #.#§#
#......##### #.#.#
##....##########.#.#
#...............#.#
#...#############o#
#..[@o..........o.#
###################
###### ######## #....#
#####....... #....#
####..........o
#....####..#...........
#....##....#.....######
#....#.....##.)###.....
#..........[#........[.


You could see an orc priest.

Vanquished Creatures
  A howler monkey (D:5)
  A crimson imp (D:5)
  A centaur skeleton (D:4)
  An orc priest (D:5)
  An iguana (D:5)
  3 worker ants
  A hound zombie (D:5)
  A hound skeleton (D:4)
  A worker ant zombie (D:5)
  6 adders
  A shadow imp (D:5)
  A dart slug (D:4)
  A giant gecko (D:4)
  8 orcs
  3 goblins (D:2)
  4 hobgoblins
  7 jackals
  3 kobolds
  A quokka (D:5)
  3 bats
  A giant gecko skeleton (D:4)
  A giant newt (D:4)
  A quokka skeleton (D:4)
52 creatures vanquished.

Notes
Turn   | Place    | Note
-------+----------+-------------------------------------------
     0 | D:1      | Leszczynek the Ogre Earth Elementalist began the quest for the Orb.
     0 | D:1      | Reached XP level 1. HP: 16/16 MP: 3/3
    92 | D:1      | Reached skill level 1 in Fighting
   220 | D:1      | Reached skill level 2 in Fighting
   264 | D:1      | Reached XP level 2. HP: 12/28 MP: 1/5
   284 | D:1      | Learned a level 2 spell: Passwall
   453 | D:2      | Reached skill level 3 in Fighting
   513 | D:2      | Reached XP level 3. HP: 10/37 MP: 0/6
   691 | D:2      | Reached skill level 4 in Fighting
   734 | D:2      | Noticed Jessica
   985 | D:3      | Reached skill level 1 in Maces & Flails
  1077 | D:4      | Found Xineetz's Jewellery Emporium.
  1154 | D:4      | Reached skill level 2 in Maces & Flails
  1154 | D:4      | Reached XP level 4. HP: 48/48 MP: 4/7
  1247 | D:4      | Reached skill level 3 in Maces & Flails
  1393 | D:4      | Noticed Sigmund
  1448 | D:4      | Gained mutation: You are clumsy. (Dex -2) [potion of mutation]
  1448 | D:4      | Gained mutation: You possess an exceptional clarity of mind. [potion of mutation]
  1448 | D:4      | Gained mutation: Your mind is acute. (Int +2) [potion of mutation]
  1558 | D:4      | Reached skill level 4 in Maces & Flails
  1558 | D:4      | Reached XP level 5. HP: 20/54 MP: 0/8
  1578 | D:4      | HP: 5/54 [poisoned by a worker ant]
  1584 | D:4      | HP: 5/54 [poisoned by a worker ant]
  1783 | D:4      | HP: 5/54 [poisoned by a worker ant]
  1890 | D:4      | Noticed epen's ghost (amateur MfMo)
  1903 | D:5      | Entered Level 5 of the Dungeon
  1956 | D:5      | Reached skill level 5 in Maces & Flails
  2252 | D:5      | Reached skill level 6 in Maces & Flails
  2252 | D:5      | Reached XP level 6. HP: 7/62 MP: 9/9
  2699 | D:5      | Reached skill level 7 in Maces & Flails
  2877 | D:5      | HP: 6/62 [orc priest/mace (7)]
  2878 | D:5      | Slain by an orc priest

Vault maps used:
D:1:      lightli_arrival_chessboard
D:2:      first_bread, kennysheep_generic_room_7, uniq_jessica
D:3:      minmay_wonky_spiral, minmay_misc_feat_square
D:4:      serial_shops, shop, minmay_tree_intersection, abandoned_shop,
          uniq_sigmund
D:5:      kennysheep_spiral_hall, gup_sewer_entry_spiral

Skill      XL: |  1  2  3  4  5  6 |
---------------+-------------------+-----
Fighting       | 2 3 4 |  4.1
Maces & Flails | 2 4 6 7 |  7.4
Dodging        | |  1.7
Stealth        | |  1.5
Spellcasting   | |  2.4
Transmutations | |  0.6
Earth Magic    | |  2.1

Action                   |  1- 3 |  4- 6 || total
-------------------------+-------+-------++-------
Melee: Dagger            |    49 |       ||    49
       Mace              |     3 |    49 ||    52
       Flail             |       |    64 ||    64
 Fire: Hunting sling     |     2 |       ||     2
 Cast: Sandblast         |    34 |    41 ||    75
  Use: Scroll            |       |    12 ||    12
       Potion            |       |     5 ||     5
 Stab: Distracted        |     1 |     1 ||     2
  Eat: Chunk             |     2 |     3 ||     5
       Bread ration      |       |     1 ||     1
Armor: Robe              |    39 |    15 ||    54
       Skin              |       |    20 ||    20
Dodge: Dodged            |    57 |    57 ||   114
